 Dungeon Crawl Stone Soup version 0.32-a0-30-gefbe487952 (webtiles) character file.

Game seed: 3261416280383324186

477 Descartes the Ducker (level 6, -8/30 HPs)
             Began as a Felid Shapeshifter on Jan 19, 2024.
             Mangled by Crazy Yiuf
             ... wielding a +3 quarterstaff of chaos
              (10 damage)
             ... on level 3 of the Dungeon.
             The game lasted 00:05:56 (3978 turns).

Descartes the Ducker (Felid Shapeshifter)           Turns: 3978, Time: 00:05:56

Health: -8/30      AC:  2    Str: 12    XL:     6   Next: 85%
Magic:  0/7        EV: 19    Int: 14    God:
Gold:   192        SH:  0    Dex: 15    Spells: 5/5 levels left
                                        Lives:  0   Deaths: 2

rFire   . .          .
                       - Unarmed
rCold   . . .        (shield unavailable)
rNeg    . . .        (body armour unavailable)
rPois   +            (helmet unavailable)
rElec   .            (cloak unavailable)
rCorr   .            (gloves unavailable)
SInv    +            (boots unavailable)
Will    .....        o - amulet of guardian spirit
Stlth   +            k - ring of poison resistance
HPRegen 0.25/turn    g - ring of flight
MPRegen 0.10/turn

%: guardian spirit
@: confused, beast-form, weakened, flying
A: beast (slay +2), very small, claws 1, fangs 3, see invisible, shaggy fur 2,
stealthy paws, no weapons or thrown items, no armour, multi-lived
a: Begin Untransformation


You were on level 3 of the Dungeon.
You were a hulking beast.
You visited 1 branch of the dungeon, and saw 4 of its levels.

You collected 192 gold pieces.

Inventory:

Jewellery
 g - a ring of flight (right paw)
 j - a ring of wizardry
 k - a ring of poison resistance (left paw)
 m - an amulet of magic regeneration
 o - an amulet of guardian spirit (around neck)
Talismans
 b - a beast talisman
 c - a flux talisman
Wands
 t - a wand of iceblast (11)
Scrolls
 h - a scroll of teleportation {unknown}
 i - 5 scrolls of identify {unknown}
 n - 4 scrolls of fear {unknown}
 s - a scroll of blinking {unknown}
 v - a scroll of enchant weapon {unknown}
 w - a scroll of noise {unknown}
Potions
 a - 2 potions of lignification
 d - a potion of brilliance {unknown}
 e - 2 potions of mutation {unknown}
 f - a potion of attraction {unknown}
 l - a potion of might {unknown}
 p - a potion of enlightenment {unknown}
 q - a potion of cancellation {unknown}
 r - a potion of haste {unknown}
 u - a potion of curing {unknown}
 x - a potion of magic {unknown}


   Skills:
 - Level 1.0 Fighting
 * Level 5.8 Dodging
 * Level 5.1 Stealth
 + Level 4.0 Unarmed Combat
 * Level 4.1 Shapeshifting


You had 5 spell levels left.
You didn't know any spells.
Your spell library contained the following spells:

 Spells                   Type           Power      Damage    Failure   Level
 Frozen Ramparts          Ice            0%         1d1       65%         3
 Leda's Liquefaction      Alch/Erth      0%         N/A       96%         4
 Petrify                  Alch/Erth      0%         N/A       96%         4
 Metabolic Englaciation   Hex/Ice        0%         N/A       100%        5
 Malign Gateway           Summ/Tloc      0%         N/A       100%        7
 Summon Horrible Things   Summ           0%         N/A       100%        8


Dungeon Overview and Level Annotations

Branches:
Dungeon (4/15)
 Temple: D:4-7

Altars:
Hepliaklqana
Nemelex Xobeh
Okawaru
Vehumet

Shops:
D:1 ([***   D:2 (

Annotations:
D:3 Crazy Yiuf


Innate Abilities, Weirdness & Mutations

You are a hulking beast.
Your limbs bulge with bestial killing power. (Slay +2)
You have sharp claws.
You have razor-sharp teeth.
You have supernaturally acute eyesight. (SInv)
You are covered in thick fur. (AC +2)
Your paws help you pounce on unaware monsters.
You are incapable of wielding weapons or throwing items.
You cannot wear armour.
You gain extra lives every three experience levels.


Message History

Your claw misses Crazy Yiuf. Your bite misses Crazy Yiuf.
Crazy Yiuf is moderately wounded.
Crazy Yiuf hits you with a +3 quarterstaff of chaos!!
Crazy Yiuf burns you!
* * * LOW HITPOINT WARNING * * *
You are too injured to fight recklessly!
You are too injured to fight recklessly!
You are too injured to fight recklessly!
You are too injured to fight recklessly!
You are too injured to fight recklessly!
You are too injured to fight recklessly!
You are too injured to fight recklessly!
You are too injured to fight recklessly!
You are too injured to fight recklessly!
You are too injured to fight recklessly!
You are too injured to fight recklessly!
You are too injured to fight recklessly!
You are too injured to fight recklessly!
Unknown command.
You scratch Crazy Yiuf.
Crazy Yiuf is moderately wounded.
Crazy Yiuf completely misses you.
You scratch Crazy Yiuf.
Crazy Yiuf is heavily wounded.
Crazy Yiuf barely misses you.
You scratch Crazy Yiuf.
Crazy Yiuf is heavily wounded.
Crazy Yiuf closely misses you.
You scratch Crazy Yiuf.
Crazy Yiuf is severely wounded.
Crazy Yiuf hits you with a +3 quarterstaff of chaos.
* * * LOW HITPOINT WARNING * * *
You are confused.
You barely miss Crazy Yiuf. Your bite misses Crazy Yiuf.
Crazy Yiuf is severely wounded.
You scratch Crazy Yiuf but do no damage.
Crazy Yiuf is severely wounded.
Crazy Yiuf says, "Goldfish tired Xom!"
Crazy Yiuf hits you with a +3 quarterstaff of chaos!
You die...

##.##### ##..#
#..## #.## #.#
#### #.###♣♣♣*♣
#...
#.#.#..♣.♣*******
####
#....g..♣,,**,,,*
#....h.♣♣**,'†g,*
##..#.♣♣ ***,,)*
####♣♣ ***** ***
**** *,* *,,, *,*
*,** *,* *,*


You could see Crazy Yiuf.

Vanquished Creatures
  Menkaure (D:4)
  A hound (D:4)
  A jelly (D:4)
  An orc priest (D:3)
  2 iguanas (D:4)
  2 orc wizards (D:4)
  7 gnolls
  2 adders (D:4)
  A dart slug (D:1)
  2 ribbon worms
  4 orcs
  8 ball pythons
  5 endoplasms
  7 giant cockroaches
  5 goblins
  5 hobgoblins
  3 quokkas
  7 bats
  6 frilled lizards
  4 kobolds
  3 rats
77 creatures vanquished.

Notes
Turn   | Place    | Note
-------+----------+-------------------------------------------
     0 | D:1      | Descartes the Felid Shapeshifter began the quest for the
                  | Orb.
     0 | D:1      | Reached XP level 1. HP: 10/10 MP: 2/2
    81 | D:1      | Reached skill level 1 in Stealth
    99 | D:1      | Reached XP level 2. HP: 14/14 MP: 3/3
   118 | D:1      | Found Ebess's Armour Shoppe.
   339 | D:1      | Found Taycs's Antique Weapon Shop.
   412 | D:1      | Found Rezeups's General Store.
   563 | D:1      | Found Ixoivuor's General Store.
   579 | D:1      | Reached XP level 3. HP: 17/18 MP: 4/4
   616 | D:1      | Found Itaocer's General Store.
  1071 | D:2      | Found Cisill's Antique Weapon Boutique.
  1317 | D:2      | Reached XP level 4. HP: 22/22 MP: 5/5
  1317 | D:2      | Gained a life (2 lives remaining)
  2185 | D:3      | Found a runed translucent door.
  2186 | D:3      | Noticed Crazy Yiuf
  2402 | D:3      | HP: 1/22 [Crazy Yiuf/+3 quarterstaff of chaos (12)]
  2402 | D:3      | Slain by Crazy Yiuf
  2402 | D:3      | Lost a life (1 life remaining)
  2456 | D:4      | Slain by an iguana
  2456 | D:4      | Lost a life (0 lives remaining)
  2475 | D:4      | Reached XP level 5. HP: 18/25 MP: 4/6
  2666 | D:4      | Reached skill level 5 in Dodging
  2686 | D:4      | Gained mutation: You are covered in thick fur. (AC +2)
                  | [Felid growth]
  2686 | D:4      | Reached XP level 6. HP: 19/30 MP: 4/7
  2941 | D:4      | Found an iron altar of Okawaru.
  2941 | D:4      | Found a radiant altar of Vehumet.
  2943 | D:4      | Found a hazy altar of Hepliaklqana.
  2967 | D:4      | Found a sparkling altar of Nemelex Xobeh.
  3113 | D:4      | Noticed Menkaure
  3126 | D:4      | Killed Menkaure
  3127 | D:4      | Reached skill level 5 in Stealth
  3978 | D:3      | Mangled by Crazy Yiuf

Illustrated notes

Levels and vault maps discovered:
D:1:      minmay_arrival_jagged, layout_basic, serial_shops, shop, shop, shop,
          shop, shop, minmay_heptomino_h4
D:2:      layout_rooms, serial_shops, nicolae_square_shop, serial_bayou_crossing
D:3:      layout_loops_ring, uniq_crazy_yiuf_cottage
D:4:      layout_basic, mainiacjoe_overflow_alcove_4,
          nicolae_overflow_hidden_temple, uniq_menkaure

Skill      XL: |  1  2  3  4  5  6 |
---------------+-------------------+-----
Stealth        | 1 2 3 4 5 |  5.1
Dodging        | 3 4 5 |  5.8
Shapeshifting  | 3 4 |  4.1
Unarmed Combat | 4 |  4.0
Fighting       | |  1.0

Action                     |  1- 3 |  4- 6 || total
---------------------------+-------+-------++-------
  Melee: Unarmed           |    81 |   141 ||   222
         Bite              |     5 |    15 ||    20
         Punch             |     1 |     6 ||     7
   Stab: Sleeping          |     5 |     6 ||    11
         Distracted        |       |     1 ||     1
 Armour: Skin              |    20 |    45 ||    65
  Dodge: Dodged            |    76 |    96 ||   172

Table legend: (Time is in decaauts)
 A = Elapsed time spent in this place.
 B = Non-inter-level travel time spent in this place.
 C = Inter-level travel time spent in this place.
 D = Time resting spent in this place.
 E = Time spent auto-exploring this place.
 F = Levels seen in this place.
 G = Mean time per level.
                   A        B        C        D        E       F      G
               +--------+--------+--------+--------+--------+-----+--------+
         Total |   3963 |   3792 |    171 |      0 |   3204 |   4 |  990.8 |
       Dungeon |   3963 |   3792 |    171 |      0 |   3204 |   4 |  990.8 |
               +--------+--------+--------+--------+--------+-----+--------+

Top non-repeatable levels by time:
     D:3: 1257 daAuts
     D:4: 1117 daAuts
     D:1: 1029 daAuts
     D:2: 559 daAuts
